 Dungeon Crawl Stone Soup version 0.30.1-9-gdf580d7c3d (webtiles) character file.

Game seed: 17026378913279263996

70464 Anriel the Spry (level 15, -1/115 HPs)
             Began as a Human Gladiator on Oct 6, 2023.
             Was the Champion of Okawaru.
             Killed from afar by a bog body (42 damage)
             ... with a bolt of cold
             ... on level 2 of the Lair of Beasts.
             The game lasted 01:53:23 (17135 turns).

Anriel the Spry (Human Gladiator)                  Turns: 17135, Time: 01:53:25

Health: -1/115     AC: 13    Str: 14    XL:     15   Next: 78%
Magic:  22/22      EV: 43    Int:  9    God:    Okawaru [******]
Gold:   1210       SH:  0    Dex: 22    Spells: 14/14 levels left

rFire   . . .        D - +3 scimitar (flame)
rCold   . . .        (no shield)
rNeg    + . .        r - +0 acid dragon scales
rPois   .            e - +2 helmet
rElec   .            H - scarf of Narcissism {harm, +Blink rN+ Slay+4}
rCorr   +            s - +0 pair of gloves
SInv    .            d - +0 pair of boots {Fly}
Will    +....        l - amulet of the acrobat
Stlth   +            k - +5 ring of evasion
HPRegen 0.39/turn    A - +4 ring of slaying
MPRegen 0.18/turn

%: harm (+30% outgoing, +20% incoming), acrobat
@: acrobatic, flying
A: no striking features
a: Renounce Religion, Evoke Blink, Heroism, Finesse, Duel


You were on level 2 of the Lair of Beasts.
You worshipped Okawaru.
Okawaru was exalted by your worship.
You visited 3 branches of the dungeon, and saw 18 of its levels.
You also visited: Bailey and Ice Cave.

You collected 1323 gold pieces.
You spent 113 gold pieces at shops.

Inventory:

Hand Weapons
 a - a +3 heavy triple sword
 D - a +3 scimitar of flaming (weapon)
Missiles
 g - 6 javelins
 u - 3 throwing nets
 E - 3 silver javelins
 K - 22 boomerangs (quivered)
Armour
 d - a +0 pair of boots of flying (worn)
 e - a +2 helmet (worn)
 n - the +0 robe of Roiruoni {rElec rF++ Will-}
   (You found it on level 1 of the Lair of Beasts)

   rF:        It greatly protects you from fire.
   rElec:     It insulates you from electricity.
   Will:      It decreases your willpower.
 r - +0 acid dragon scales (worn)
 s - a +0 pair of gloves (worn)
 w - the quicksilver dragon scales of Gozag's Envy {Drain Will+ Str+7}
   (You found it on level 1 of the Lair of Beasts)

   Str:       It affects your strength (+7).
   Drain:     It drains your maximum health when unequipped.
   Will:      It increases your willpower.
 G - a +2 cloak of poison resistance
 H - the scarf of Narcissism (worn) {harm, +Blink rN+ Slay+4}
   (Okawaru gifted it to you on level 2 of the Lair of Beasts)

   Slay:      It affects your accuracy & damage with ranged weapons and melee
   (+4).
   rN:        It protects you from negative energy.
   +Blink:    It lets you blink.
 Z - a scarf of resistance
Magical Staves
 O - the staff of death "Doedomn" {rF- rN+ Will+ rCorr}
   (You took it off a kobold in a bailey)

   [staff of death]

   Base accuracy: +5 Base damage: 5 Base attack delay: 1.2 This weapon's minimum
   attack delay (0.6) is reached at skill level 12.
   rF:        It makes you vulnerable to fire.
   rN:        It protects you from negative energy.
   rCorr:     It protects you from acid and corrosion.
   Will:      It increases your willpower.
   It falls into the 'Staves' category.
   It is a one-handed weapon.
Jewellery
 c - the ring of Elyvilon's Reproof {Will+ Str+4 Int-2}
   (You found it on level 5 of the Dungeon)

   [ring of willpower]

   Str:       It affects your strength (+4).
   Int:       It affects your intelligence (-2).
   Will:      It increases your willpower.
 k - a +5 ring of evasion (left hand)
 l - an amulet of the acrobat (around neck)
 v - a +5 ring of evasion
 A - a +4 ring of slaying (right hand)
 I - a +4 ring of protection
 S - a ring of see invisible
Wands
 i - a wand of mindburst (7)
 p - a wand of polymorph (9)
 x - a wand of iceblast (36)
 z - a wand of quicksilver (6)
 V - a wand of flame (27)
Scrolls
 f - 3 scrolls of identify
 h - 9 scrolls of teleportation
 o - 2 scrolls of magic mapping
 t - 4 scrolls of poison
 y - 5 scrolls of fear
 C - 3 scrolls of silence
 F - 8 scrolls of immolation
 J - a scroll of amnesia
 P - a scroll of brand weapon
Potions
 b - 4 potions of ambrosia
 j - 7 potions of curing
 m - 2 potions of cancellation
 q - 3 potions of invisibility
 B - a potion of resistance
 N - 2 potions of heal wounds
 Q - 3 potions of haste
 R - 3 potions of might
 W - a potion of berserk rage
Miscellaneous
 M - a tin of tremorstones (2/2)


   Skills:
 - Level 10.1 Fighting
 + Level 13.9 Long Blades
 + Level 9.8 Throwing
 - Level 5.0 Armour
 * Level 15.4 Dodging
 - Level 10.0 Invocations
 - Level 5.0 Evocations


You had 14 spell levels left.
You didn't know any spells.
Your spell library contained the following spells:

 Spells                   Type           Power      Damage    Failure   Level
 Sandblast                Erth           0%         2d4       50%         1
 Passwall                 Tmut/Erth      0%         N/A       63%         2
 Stone Arrow              Conj/Erth      0%         3d7       86%         3
 Vhi's Electric Charge    Tloc/Air       0%         N/A       86%         3
 Arcjolt                  Conj/Air       0%         1d10      100%        5
 Conjure Ball Lightning   Conj/Air       0%         3x3d6     100%        6
 Plasma Beam              Fire/Air       0%         2x1d11    100%        6
 Statue Form              Tmut/Erth      0%         N/A       100%        6
 Discord                  Hex            0%         N/A       100%        8
 Disjunction              Tloc           0%         N/A       100%        8
 Animate Armour           Summ/Erth      Unusable   N/A       N/A         4

Dungeon Overview and Level Annotations

Branches:
Dungeon (15/15)            Temple (1/1) D:4            Lair (2/5) D:8
  Swamp (0/4) Lair:2          Orc (0/2) D:11         Vaults (0/5) D:13
 Depths (0/4) D:15         Bailey (visited)           IceCv (visited)
  Snake: Lair:2-3    Spider: Lair:2-3

Altars:
Ashenzari
Cheibriados
Dithmenos
Elyvilon
Fedhas
Gozag
Hepliaklqana
Kikubaaqudgha
Makhleb
Nemelex Xobeh
Okawaru
Qazlal
Ru
Sif Muna
Trog
Uskayaw
Vehumet
Wu Jian
Xom
Yredelemnul
Zin
The Shining One

Shops:
D:5 *


Message History

You resist with some effort.
The swamp worm fires a harpoon shot at you.
The harpoon shot misses you.
Throw: 22 boomerangs
Press: ? - help, Q - select action, (/) - cycle Shift-Dir - straight line, f/p - bog body
Aim: a bog body (severely damaged, 78% to hit)
You throw a boomerang. The boomerang hits the bog body!
You destroy the bog body!
Okawaru accepts your kill.
The swamp worm fires a harpoon shot at you.
The harpoon shot hits you but does no damage.
f - 3 scrolls of identify (gained 1)
Okay, then.
You hit the swamp worm. You burn the swamp worm.
The swamp worm is lightly wounded.
You slice the swamp worm!! You burn the swamp worm!
You kill the swamp worm!
Okawaru accepts your kill.
You see here a swamp worm corpse.
A bog body comes into view.
You slice the bog body!!
The bog body is severely damaged.
The bog body misses you.
You slice the bog body!!
You destroy the bog body!
Okawaru accepts your kill. 2 bog bodies come into view.
Found a staircase to the Swamp.
An electric eel comes into view.
The electric eel shoots out a bolt of lightning at you!
The bolt of electricity hits you.
The bog body gestures at you while chanting.
The bolt of cold misses you.
The electric eel shoots out a bolt of lightning at you!
The bolt of electricity hits you. The bog body casts a spell at you.
The bolt of cold hits you!!
The bog body gestures at you while chanting.
The bolt of cold hits you!!
You die...

... #... ### #... ..#
#... ...##...
♣♣♣♣♣♣♣♣♣♣♣♣♣♣♣♣♣.......
♣~~n°≈≈~~≈~~♣≈~~♣♣♣.....
♣S§§§§.♣.....♣.....⌠....
♣§§.n§.@...♣.......⌠..<.
♣§§§§§~~~~♣≈~~≈≈♣♣♣.....
♣♣♣♣♣♣♣♣♣♣♣♣♣♣♣♣♣.†.....
♣.........###
...........#
P.#.#.##....# # ##
#...#.# #....## #.....


You could see 2 bog bodies and an electric eel.

Vanquished Creatures
  Gastronok (D:8)
  Roxanne (D:14)
  2 rakshasas (D:15)
  Josephine (D:13)
  3 hydras
  Erica (D:8)
  An ogre mage (D:13)
  7 centaur warriors
  5 death yaks (Lair:2)
  3 boulder beetles
  9 two-headed ogres
  Amaemon (D:8)
  A fire crab (shapeshifter) (D:13)
  A glowing orange brain (D:15)
  8 skeletal warriors
  2 bog bodies (Lair:2)
  5 deep elf pyromancers
  An orc knight (D:12)
  9 ugly things
  A manticore (D:12)
  2 wolf spider zombies (D:12)
  3 cyclopes
  10 centaur zombies (D:12)
  Maurice (D:8)
  5 elephants
  5 black mambas (Lair:1)
  3 ice statues (IceCv)
  17 slime creatures
  4 gargoyles
  An orange demon (D:8)
  2 cane toads
  An unseen horror (D:11)
  Psyche (D:8)
  3 kobold demonologists
  2 anaconda simulacra (IceCv)
  A freezing wraith (D:15)
  3 yaktaurs (D:15)
  A komodo dragon (Lair:2)
  4 trolls
  A hornet (D:7)
  Prince Ribbit (D:6)
  A wolf spider simulacrum (D:13)
  2 meliai (D:13)
  4 blink frogs (Lair:2)
  A centaur simulacrum (D:14)
  4 meliai zombies (D:12)
  Sigmund (D:4)
  2 water elementals (D:12)
  8 shadows
  12 wraiths
  2 wyverns
  4 vampires (D:12)
  A spriggan (shapeshifter) (D:14)
  Eustachio (D:4)
  3 basilisks
  24 yaks
  A steam dragon (D:7)
  A warg (D:12)
  A harpy simulacrum (IceCv)
  A redback simulacrum (D:15)
  A warg (shapeshifter) (D:15)
  3 acid dragons
  A swamp worm (Lair:2)
  A water moccasin (Lair:2)
  13 orc warriors
  6 black bears
  An ice beast (D:5)
  2 ogres
  A sky beast (D:6)
  7 centaurs
  4 wolves (Lair:2)
  3 phantoms
  Blork the orc (D:4)
  A kobold brigand (D:6)
  4 bullfrogs
  3 gnoll sergeants
  4 scorpions
  6 killer bees (D:10)
  3 elephant simulacra (IceCv)
  A howler monkey (D:13)
  An electric eel (D:12)
  Crazy Yiuf (D:6)
  6 orc priests
  5 hounds
  A jelly (D:6)
  A boggart zombie (D:12)
  2 iguanas (D:4)
  8 orc wizards
  A polar bear simulacrum (IceCv)
  A wolf simulacrum (IceCv)
  Robin (D:3)
  15 gnolls
  12 adders
  5 shadow imps
  2 white imps
  An ufetubus (D:4)
  A worm (D:2)
  34 orcs
  8 ball pythons
  5 endoplasms
  2 giant cockroaches
  19 goblins
  14 hobgoblins
  A jackal (D:1)
  17 kobolds
  3 quokkas (D:1)
  6 bats
  5 frilled lizards
  4 rats
456 creatures vanquished.

Vanquished Creatures (others)
  A centaur (D:14)
  An orc wizard (D:11)
  2 orcs (D:7)
4 creatures vanquished.

Grand Total: 460 creatures vanquished

Notes
Turn   | Place    | Note
-------+----------+-------------------------------------------
     0 | D:1      | Anriel the Human Gladiator began the quest for the Orb.
     0 | D:1      | Reached XP level 1. HP: 16/16 MP: 1/1
    93 | D:1      | Reached XP level 2. HP: 13/22 MP: 2/2
    94 | D:1      | Reached skill level 1 in Armour
   391 | D:1      | Reached XP level 3. HP: 28/28 MP: 3/3
   780 | D:2      | Found a faded altar of an unknown god.
   947 | D:2      | Reached XP level 4. HP: 34/34 MP: 4/4
  1412 | D:3      | Found a hazy altar of Hepliaklqana.
  1419 | D:3      | Found a sparkling altar of Nemelex Xobeh.
  1420 | D:3      | Found a glowing golden altar of the Shining One.
  1426 | D:3      | Found a broken altar of Ashenzari.
  1426 | D:3      | Found a bloodstained altar of Trog.
  1427 | D:3      | Found a stormy altar of Qazlal.
  1439 | D:3      | Found a shimmering altar of Xom.
  1546 | D:3      | Found an iron altar of Okawaru.
  1554 | D:3      | Became a worshipper of Warmaster Okawaru
  1704 | D:3      | Found a transporter.
  1721 | D:3      | Found a transporter.
  1774 | D:3      | Noticed Robin
  1800 | D:3      | Reached XP level 5. HP: 21/40 MP: 5/5
  1814 | D:3      | Killed Robin
  1996 | D:4      | Noticed an ogre
  2007 | D:4      | Killed an ogre
  2008 | D:4      | Reached XP level 6. HP: 25/47 MP: 5/7
  2283 | D:4      | Noticed Eustachio
  2318 | D:4      | Killed Eustachio
  2318 | D:4      | Reached * piety under Okawaru
  2319 | D:4      | Reached XP level 7. HP: 36/52 MP: 7/9
  2371 | D:4      | Found a staircase to the Ecumenical Temple.
  2380 | Temple   | Entered the Ecumenical Temple
  2548 | D:4      | Noticed Blork the orc
  2555 | D:4      | Killed Blork the orc
  2556 | D:4      | Reached skill level 4 in Dodging
  2588 | D:4      | Noticed Sigmund
  2597 | D:5      | Entered Level 5 of the Dungeon
  2599 | D:5      | Found a shadowy altar of Dithmenos.
  2649 | D:5      | Identified the ring of Elyvilon's Reproof {Will+ Str+4
                  | Int-2}
  2775 | D:5      | Found Wualosh's Assorted Antiques.
  2825 | D:5      | Bought a scroll labelled YFANIM WUME for 29 gold pieces
  2825 | D:5      | Bought a fizzy coppery potion for 26 gold pieces
  2825 | D:5      | Bought a scroll of identify for 58 gold pieces
  3040 | D:5      | Reached skill level 5 in Invocations
  3040 | D:5      | Reached XP level 8. HP: 53/58 MP: 11/11
  3456 | D:4      | Found an ancient bone altar of Kikubaaqudgha.
  3470 | D:4      | Reached ** piety under Okawaru
  3471 | D:4      | Reached skill level 5 in Dodging
  3512 | D:4      | Killed Sigmund
  3513 | D:4      | Reached skill level 5 in Long Blades
  4439 | D:6      | Reached XP level 9. HP: 66/66 MP: 12/12
  4502 | D:6      | Reached skill level 5 in Armour
  4513 | D:6      | Reached *** piety under Okawaru
  4598 | D:6      | Found a runed translucent door.
  4599 | D:6      | Noticed Crazy Yiuf
  4604 | D:6      | Killed Crazy Yiuf
  4605 | D:6      | Reached skill level 5 in Fighting
  4609 | D:6      | Identified the +8 hammer of the King {flame, rN+ Int-5
                  | Stlth+}
  4722 | D:6      | Noticed Prince Ribbit
  4742 | D:6      | Killed Prince Ribbit
  4743 | D:6      | Reached skill level 5 in Throwing
  4975 | D:6      | Reached skill level 1 in Evocations
  5117 | D:7      | Noticed a hornet
  5128 | D:7      | Killed a hornet
  5312 | D:7      | Reached **** piety under Okawaru
  5455 | D:7      | Found a basalt altar of Yredelemnul.
  5536 | D:7      | Reached XP level 10. HP: 75/75 MP: 13/13
  5626 | D:7      | Reached skill level 6 in Dodging
  6226 | D:8      | Noticed Maurice
  6237 | D:8      | Killed Maurice
  6238 | D:8      | Reached skill level 5 in Evocations
  6294 | D:8      | Noticed Amaemon
  6294 | D:8      | Noticed an orange demon
  6328 | D:8      | Killed an orange demon
  6336 | D:8      | Killed Amaemon
  6336 | D:8      | Reached ***** piety under Okawaru
  6337 | D:8      | Reached skill level 7 in Dodging
  6372 | D:8      | Noticed Gastronok
  6445 | D:8      | Noticed Erica
  6450 | D:8      | Noticed an elephant
  6466 | D:8      | Killed Erica
  6473 | D:8      | Killed an elephant
  6474 | D:8      | Reached skill level 8 in Dodging
  6477 | D:8      | Reached XP level 11. HP: 43/80 MP: 15/15
  6492 | D:8      | Found a staircase to the Lair.
  6520 | D:8      | Found a flagged portal.
  6533 | Bailey   | Entered a bailey
  6730 | Bailey   | Identified the staff of death "Doedomn" {rF- rN+ Will+
                  | rCorr}
  6923 | D:8      | Noticed Psyche
  6935 | D:8      | Killed Psyche
  7083 | D:8      | Killed Gastronok
  7083 | D:8      | Received a gift from Okawaru
  7084 | D:8      | Reached skill level 9 in Dodging
  7497 | D:9      | Received a gift from Okawaru
  7506 | D:9      | Reached skill level 10 in Dodging
  8220 | D:10     | Entered Level 10 of the Dungeon
  8253 | D:10     | Noticed a boulder beetle
  8285 | D:10     | Killed a boulder beetle
  8394 | D:10     | Noticed a two-headed ogre
  8406 | D:10     | Killed a two-headed ogre
  8407 | D:10     | Reached XP level 12. HP: 81/88 MP: 18/18
  8879 | D:11     | Found a staircase to the Orcish Mines.
  8879 | D:11     | Noticed a two-headed ogre
  8903 | D:11     | Killed a two-headed ogre
  8904 | D:11     | Reached skill level 10 in Long Blades
  9199 | D:11     | Noticed a two-headed ogre
  9208 | D:11     | Killed a two-headed ogre
  9552 | D:12     | Identified the +0 scale mail of Twilight {MP+9 Str+2 Int-2
                  | Dex+3} (Okawaru gifted it to you on level 12 of the
                  | Dungeon)
  9552 | D:12     | Received a gift from Okawaru
  9623 | D:12     | Noticed a boulder beetle
  9645 | D:12     | Killed a boulder beetle
  9677 | D:12     | Reached XP level 13. HP: 64/100 MP: 14/20
  9729 | D:12     | Reached skill level 10 in Invocations
  9787 | D:12     | Found a frozen archway.
  9800 | IceCv    | Entered an ice cave
 10527 | IceCv    | Reached skill level 10 in Fighting
 10864 | D:12     | Reached skill level 11 in Dodging
 10914 | D:12     | Received a gift from Okawaru
 11296 | D:13     | Noticed a centaur warrior
 11318 | D:13     | Killed a centaur warrior
 11320 | D:13     | Noticed a seven-headed hydra
 11336 | D:13     | Identified the +0 chain mail of the Moon {Int+4} (Okawaru
                  | gifted it to you on level 13 of the Dungeon)
 11336 | D:13     | Received a gift from Okawaru
 11337 | D:13     | Reached XP level 14. HP: 33/110 MP: 13/21
 11342 | D:13     | Reached skill level 12 in Dodging
 11768 | D:13     | Found a gate to the Vaults.
 11964 | D:13     | Identified the +10 war axe "Yste Nep" {elec, Contam rC+
                  | Will+ Dex+7}
 12725 | D:14     | Found a sparkling altar of Nemelex Xobeh.
 12758 | D:14     | Reached skill level 13 in Dodging
 13089 | D:13     | Received a gift from Okawaru
 13108 | D:13     | Noticed Josephine
 13109 | D:13     | Received a gift from Okawaru
 13127 | D:13     | Killed Josephine
 13321 | D:14     | Identified Roxanne's Folio of Bedrock
 13321 | D:14     | Noticed Roxanne
 13411 | D:14     | Killed Roxanne
 13896 | D:14     | You are sucked into a shaft and drop 1 floor!
 13896 | D:15     | Entered Level 15 of the Dungeon
 13964 | D:15     | Reached skill level 14 in Dodging
 13969 | D:15     | Reached XP level 15. HP: 93/115 MP: 22/22
 14263 | D:15     | Received a gift from Okawaru
 14588 | D:15     | Received a gift from Okawaru
 14835 | D:15     | Found a staircase to the Depths.
 14889 | D:15     | Identified the +5 sling "Kuczae" {speed, rF+}
 14896 | D:15     | Identified the +2 arbalest of Pevvuc {flame, rElec Int-5
                  | SInv}
 15946 | Lair:1   | Entered Level 1 of the Lair of Beasts
 16071 | Lair:1   | Received a gift from Okawaru
 16206 | Lair:1   | Identified the +0 robe of Roiruoni {rElec rF++ Will-}
 16332 | Lair:1   | Identified the quicksilver dragon scales of Gozag's Envy
                  | {Drain Will+ Str+7}
 16479 | Lair:1   | Reached skill level 15 in Dodging
 16503 | Lair:1   | Reached ****** piety under Okawaru
 16831 | Lair:2   | Identified the scarf of Narcissism {harm, +Blink rN+
                  | Slay+4} (Okawaru gifted it to you on level 2 of the Lair of
                  | Beasts)
 16831 | Lair:2   | Received a gift from Okawaru
 17133 | Lair:2   | Found a staircase to the Swamp.
 17135 | Lair:2   | Killed from afar by a bog body

Illustrated notes

Levels and vault maps discovered:
D:1:      dpeg_arrival_rooms_with_view, layout_rooms, hangedman_feature_mirror
D:2:      layout_loops_corners, chequers_ecumenical_altar_simple_redux,
          serial_bayou, serial_bayou_pond_e, serial_bayou_shore_b,
          serial_bayou_shore_b, serial_bayou_ford_a, minivault_4
D:3:      gammafunk_wand_slinger, layout_rooms,
          nicolae_overflow_hallway_of_the_gods, kennysheep_okawaru_gauntlet,
          corexii_leaking_fountain, uniq_robin
D:4:      layout_basic, nicolae_kikubaaqudgha_miasma_corner, temple_fountains,
          uniq_sigmund, uniq_blork_the_orc, uniq_eustachio
D:5:      layout_loops_ring, nicolae_dithmenos_shadow_blocks,
          nicolae_inconvenience_store, minmay_misc_feat_chi
D:6:      layout_basic, uniq_crazy_yiuf_cottage, uniq_prince_ribbit1
D:7:      layout_loops_corners, lemuel_round_altar
D:8:      layout_rooms, david_lair_generic, enter_bailey_2, uniq_maurice,
          uniq_amaemon, uniq_gastronok, uniq_psyche, uniq_erica
D:9:      layout_stronghold, evilmike_butchery
D:10:     layout_basic
D:11:     layout_loops_ring, david_orc_3
D:12:     layout_roguey, portal_ice_cave_entry_pillars_1, serial_undead,
          serial_undead_c, serial_undead_e, serial_undead_a, serial_undead_c,
          serial_undead_e, serial_undead_f, serial_undead_f, serial_undead_f,
          serial_undead_f, serial_undead_b
D:13:     minmay_isolated_rectangles_in_corner, layout_loops_ring,
          david_vaults_2, uniq_josephine
D:14:     layout_stronghold, nemelex_diamond_rough_becter, uniq_roxanne
D:15:     gammafunk_enter_depths_forms, layout_loops_ring
Temple:   nicolae_temple_ecumenical_triangle
Lair:1:   cheibrodos_lair_river_kwai, layout_small_grid,
          grunt_forest_large_clearings, grunt_megastairs_3, serial_bayou_shore_b
Lair:2:   layout_chaotic_city, nicolae_swamp_entry_splash_gauntlet,
          grunt_forest_stairs_basic

Skill      XL: |  1  2  3  4  5  6  7  8  9 10 11 12 13 14 15 |
---------------+----------------------------------------------+-----
Armour         | 1 2 3 4 5 |  5.0
Fighting       | 3 4 5 6 8 10 | 10.1
Throwing       | 3 5 6 8 9 |  9.8
Invocations    | 2 3 5 6 8 9 10 | 10.0
Long Blades    | 4 5 7 9 10 12 13 | 13.9
Dodging        | 4 5 8 10 11 14 15 | 15.4
Evocations     | 3 5 |  5.0

Action                     |  1- 3 |  4- 6 |  7- 9 | 10-12 | 13-15 || total
---------------------------+-------+-------+-------+-------+-------++-------
  Melee: Long sword        |    56 |   132 |   253 |    97 |       ||   538
         Punch             |       |       |     2 |     9 |    17 ||    28
         Scimitar          |       |       |       |   430 |   827 ||  1257
  Throw: Javelin           |     1 |     4 |    22 |    21 |     6 ||    54
         Throwing net      |     1 |     2 |     1 |     1 |       ||     5
         Boomerang         |    32 |    24 |    25 |    55 |   208 ||   344
 Invoke: Heroism           |       |       |       |     3 |     4 ||     7
         Finesse           |       |       |       |     3 |     4 ||     7
  Evoke: Wand              |       |       |    16 |     7 |     5 ||    28
    Use: Scroll            |     9 |     5 |     9 |     5 |     9 ||    37
         Potion            |       |     4 |       |     7 |     3 ||    14
   Stab: Held in net/web   |     1 |     1 |       |       |       ||     2
 Armour: Leather armour    |    15 |       |       |       |       ||    15
         Skin              |       |    55 |       |       |       ||    55
         Ring mail         |       |    27 |       |       |       ||    27
         Scale mail        |       |    12 |    77 |    55 |       ||   144
         Acid dragon scale |       |       |       |    43 |   122 ||   165
  Dodge: Dodged            |    36 |    84 |   261 |   603 |   706 ||  1690
